 Dungeon Crawl Stone Soup version 0.17.1-3-g152610e (webtiles) character file.

127 Heskey the Cudgeler (level 4, -9/41 HPs)
             Began as a Minotaur Gladiator on Apr 8, 2016.
             Mangled by an ogre
             ... wielding a +0 giant club
              (22 damage)
             ... on level 4 of the Dungeon.
             The game lasted 00:02:34 (2181 turns).

Heskey the Cudgeler (Minotaur Gladiator)            Turns: 2181, Time: 00:02:34

Health: -9/41      AC:  8    Str: 20    XL:     4   Next: 85%
Magic:  3/3        EV:  8    Int:  5    God:
Gold:   113        SH:  0    Dex: 11    Spells: 0 memorised, 3 levels left

rFire  . . .     SeeInvis .     a - +1 flail
rCold  . . .     Clarity  .     r - +0 chain mail (curse)
rNeg   . . .     SustAt   .     (no shield)
rPois  +         Gourm    .     c - +0 hat
rElec  .         Spirit   .     (no cloak)
rCorr  .         Warding  .     (no gloves)
rMut   .         Stasis   .     (no boots)
MR     .....                    (no amulet)
Stlth  ..........               (no ring)
                                f - ring of poison resistance

@: not resistant to hostile enchantments, extremely unstealthy
A: retaliatory headbutt, horns 2
a: no special abilities


You were on level 4 of the Dungeon.
You were not hungry.

You visited 1 branch of the dungeon, and saw 4 of its levels.

You collected 113 gold pieces.

Inventory:

Hand Weapons
 a - a +1 flail (weapon)
Missiles
 d - 3 throwing nets (quivered)
Armour
 b - a +0 leather armour
 c - a +0 hat (worn)
 r - a cursed +0 chain mail (worn)
Jewellery
 f - a ring of poison resistance (left hand)
Scrolls
 h - 3 scrolls of remove curse {unknown}
 i - 2 scrolls of enchant weapon
 l - 2 scrolls of magic mapping
Potions
 g - a potion of poison {unknown}
 j - a potion of heal wounds {unknown}
 k - a potion of resistance {unknown}
 m - 2 potions of beneficial mutation {unknown}
 n - a potion of degeneration {unknown}
 o - a potion of experience {unknown}
 p - a potion of brilliance {unknown}
 q - a potion of lignification {unknown}
 s - a potion of flight {unknown}
Comestibles
 e - 2 bread rations
 t - 2 meat rations
 u - a chunk of flesh


   Skills:
 * Level 4.4 Fighting
 + Level 4.8 Maces & Flails
 - Level 2.0 Throwing
 + Level 2.4 Armour
 - Level 3.2 Dodging


You had 3 spell levels left.
You didn't know any spells.

Dungeon Overview and Level Annotations

Branches:
Dungeon (4/15)
 Temple: D:4-7

Altars:


Innate Abilities, Weirdness & Mutations

You reflexively headbutt those who attack you in melee.
You have a pair of horns on your head.


Message History

A hound skeleton comes into view.
Found a purple potion.
There is a stone staircase leading up here.
A hound skeleton is nearby!
A ball python and an ogre come into view.
The ogre hits you with a giant club!
Found 16 gold pieces.
There are monsters nearby!
There are monsters nearby!
You barely miss the ogre. The hound skeleton bites you.
The hound skeleton closely misses you.
There are monsters nearby!
You barely miss the ogre. The ogre hits you with a giant club!
The hound skeleton barely misses you.
There are monsters nearby!
Your chain mail prevents you from hitting the ogre.
The hound skeleton bites you but does no damage.
The ogre hits you with a giant club!!
Ouch! That really hurt!
You die...

# ## # #. .....
####!#####.#.#
.........$.S.#
.............###
......Z.O.......
######@##...#
.............###
#######.#<.....#
#.##.#.#.# #.#
.# # #.# .# #.#
.. #.. .. #. #.#


You could see an ogre, a ball python and a hound skeleton.

Vanquished Creatures
  Ijyb (D:2)
  Jessica (D:3)
  An ooze (D:2)
  A worm (D:2)
  A giant gecko (D:2)
  3 orcs (D:3)
  3 ball pythons
  12 goblins
  10 hobgoblins
  2 jackals (D:3)
  4 kobolds
  9 bats
  2 giant cockroaches
  3 giant newts
  6 rats
59 creatures vanquished.

Vanquished Creatures (others)
  A hobgoblin (D:1)
  A rat (D:1)
2 creatures vanquished.

Grand Total: 61 creatures vanquished

Notes
Turn   | Place    | Note
--------------------------------------------------------------
     0 | D:1      | Heskey the Minotaur Gladiator began the quest for the Orb.
     0 | D:1      | Reached XP level 1. HP: 18/18 MP: 0/0
   173 | D:1      | Reached XP level 2. HP: 20/25 MP: 1/1
   191 | D:1      | Reached skill level 1 in Armour
   405 | D:1      | Reached skill level 4 in Maces & Flails
   876 | D:2      | Reached XP level 3. HP: 15/31 MP: 2/2
   989 | D:2      | Noticed Ijyb
   994 | D:2      | Killed Ijyb
  1043 | D:2      | Reached XP level 4. HP: 30/40 MP: 3/3
  1788 | D:3      | Noticed Jessica
  1814 | D:3      | Killed Jessica
  2178 | D:4      | Noticed an ogre
  2181 | D:4      | Mangled by an ogre

Action                   |  1- 3 |  4- 6 || total
-------------------------+-------+-------++-------
Melee: Flail             |    71 |    58 ||   129
  Use: Scroll            |       |     3 ||     3
       Potion            |       |     2 ||     2
  Eat: Chunk             |       |     3 ||     3
       Pizza             |       |     1 ||     1
